 Dungeon Crawl Stone Soup version 0.25-a0-435-g4b9beb1024 (webtiles) character file.

Game seed: 11318645300799557555, levelgen mode: deterministic

1113 Archen the Cleaver (level 8, -6/70 HPs)
             Began as a Minotaur Berserker on Jan 27, 2020.
             Was a Priest of Trog.
             Killed from afar by an electric eel (13 damage)
             ... with a bolt of electricity
             ... on level 6 of the Dungeon.
             The game lasted 00:11:55 (4278 turns).

Archen the Cleaver (Minotaur Berserker)             Turns: 4278, Time: 00:11:55

Health: -6/70      AC: 13    Str: 25    XL:     8   Next: 11%
Magic:  7/7        EV: 10    Int:  4    God:    Trog [***...]
Gold:   224        SH:  0    Dex:  9    Spells: 7/7 levels left

rFire    . . .     SeeInvis .   a - +0 hand axe
rCold    . . .     Gourm    .   (no shield)
rNeg     . . .     Faith    .   i - +0 chain mail
rPois    .         Spirit   .   (helmet restricted)
rElec    .         Reflect  .   (no cloak)
rCorr    .         Harm     .   C - +1 pair of gloves
MR       .....                  j - +0 pair of boots
Stlth    ..........             (no amulet)
HPRegen  0.21/turn              u - ring of flight
MPRegen  0.10/turn              y - ring of attention

@: berserk cooldown, slowed, very slow
A: retaliatory headbutt, horns 2
a: Berserk, Trog's Hand, Renounce Religion, Evoke Flight


You were on level 6 of the Dungeon.
You worshipped Trog.
Trog was most pleased with you.
You were not hungry.

You visited 1 branch of the dungeon, and saw 6 of its levels.

You collected 224 gold pieces.

Inventory:

Hand Weapons
 a - a +0 hand axe (weapon)
Armour
 i - a +0 chain mail (worn)
 j - a +0 pair of boots (worn)
 C - a +1 pair of gloves (worn)
Jewellery
 e - an uncursed ring of stealth
 h - an uncursed ring of protection from cold
 s - a +3 ring of intelligence
 u - a ring of flight (left hand)
 y - a ring of attention (right hand)
Wands
 k - a wand of paralysis (10)
 l - a wand of polymorph (9)
 r - a wand of clouds (8)
 v - a wand of random effects (11)
 B - a wand of flame (11)
Scrolls
 g - 2 scrolls of teleportation
 m - a scroll of blinking
 w - a scroll of identify
 A - a scroll of remove curse
Potions
 b - a potion of resistance {unknown}
 f - a potion of berserk rage {unknown}
 p - a potion of flight {unknown}
 q - 2 potions of curing
 t - a potion of brilliance {unknown}
 x - a potion of might {unknown}
 z - a potion of haste {unknown}
Comestibles
 c - 10 rations


   Skills:
 + Level 6.2 Fighting
 * Level 8.1 Axes
 + Level 5.5 Armour
 + Level 5.1 Dodging


You had 7 spell levels left.
You didn't know any spells.
Your spell library was empty.

Dungeon Overview and Level Annotations

Branches:
Dungeon (6/15)
 Temple: D:4-7

Altars:
Gozag

Shops:
D:5 (


Innate Abilities, Weirdness & Mutations

You reflexively headbutt those who attack you in melee.
You have a pair of horns on your head.


Message History

The hound zombie is heavily damaged.
The hound zombie bites you but does no damage.
You slice the hound zombie!!
You destroy the hound zombie!
Trog accepts your kill.
You feel a strong urge to attack something.
The electric eel is too close now for your liking.
You see here a ration.
You feel your anger nearly subside.
You are no longer berserk.
You are exhausted.
You feel yourself slow down.
The electric eel shoots out a bolt of lightning at you!
The bolt of electricity hits you!
* * * LOW HITPOINT WARNING * * *
The electric eel shoots out a bolt of lightning at you!
The bolt of electricity hits you!
* * * LOW HITPOINT WARNING * * *
The electric eel shoots out a bolt of lightning at you!
The bolt of electricity hits you!
You die...

## #.# #.#.##.# #< ..
#.#########.#.##.# #. # #.
#...........#.##.# #. >. #.
##..###..#.##.##.# #. ##.###.
#..#...........%###.
#......####).#.≈≈≈≈.≈≈≈e≈r..#§
...............≈≈≈≈.≈≈≈≈≈...#)
##..###....≈≈≈≈.≈≈≈≈;....Z
#...%...@.;≈≈≈.≈≈≈≈≈...##
#.######..≈≈≈≈.........# ...
#........≈≈≈≈.%## #.###
#..≈≈≈≈≈.≈≈≈≈$.# #
#<.≈≈≈≈≈.≈≈≈≈..#
#..≈≈≈≈≈.≈≈≈≈..#
#..≈≈≈≈≈.≈≈≈≈..# #........


You could see an electric eel.

Vanquished Creatures
  Prince Ribbit (D:5)
  Menkaure (D:4)
  Duvessa (D:6)
  A sky beast (D:6)
  A phantom (D:4)
  An ogre (D:5)
  Dowan (D:6)
  A scorpion (D:4)
  A crimson imp (D:5)
  A centaur skeleton (D:6)
  2 bullfrog skeletons
  An orc wizard (D:3)
  A worker ant (D:5)
  A hound zombie (D:6)
  9 adders
  5 worms
  A dart slug (D:1)
  5 leopard geckos
  8 orcs
  5 bats
  2 giant cockroaches
  5 goblins
  4 hobgoblins
  6 jackals
  A quokka (D:6)
  A ball python (D:1)
  A frilled lizard (D:4)
  4 kobolds
  A leopard gecko skeleton (D:4)
  A rat (D:3)
74 creatures vanquished.

Notes
Turn   | Place    | Note
-------+----------+-------------------------------------------
     0 | D:1      | Archen the Minotaur Berserker began the quest for the Orb.
     0 | D:1      | Reached XP level 1. HP: 19/19 MP: 0/0
   299 | D:1      | Reached XP level 2. HP: 26/27 MP: 1/1
   348 | D:1      | Reached skill level 4 in Axes
   837 | D:2      | Reached XP level 3. HP: 15/33 MP: 2/2
  1426 | D:3      | Reached ** piety under Trog
  1525 | D:3      | Reached XP level 4. HP: 40/40 MP: 3/3
  1558 | D:3      | Reached skill level 5 in Axes
  1849 | D:3      | Reached XP level 5. HP: 38/47 MP: 4/4
  2026 | D:4      | Noticed Menkaure
  2035 | D:4      | Killed Menkaure
  2406 | D:4      | Reached XP level 6. HP: 55/55 MP: 5/5
  2741 | D:4      | Reached skill level 5 in Fighting
  2741 | D:4      | Reached skill level 6 in Axes
  3003 | D:5      | Entered Level 5 of the Dungeon
  3020 | D:5      | Found an opulent altar of Gozag.
  3104 | D:5      | Reached XP level 7. HP: 60/61 MP: 6/6
  3334 | D:5      | Found Zad Dupu's Weapon Emporium.
  3462 | D:5      | Reached skill level 7 in Axes
  3643 | D:5      | Noticed Prince Ribbit
  3660 | D:5      | Killed Prince Ribbit
  3660 | D:5      | Reached skill level 5 in Armour
  3875 | D:6      | Noticed Dowan
  3880 | D:6      | Noticed Duvessa
  3898 | D:6      | Killed Duvessa
  3898 | D:6      | Reached XP level 8. HP: 11/70 MP: 7/7
  3902 | D:6      | Killed Dowan
  3902 | D:6      | Reached skill level 8 in Axes
  3902 | D:6      | Reached skill level 5 in Dodging
  3914 | D:6      | HP: 2/70 [centaur skeleton (3)]
  3923 | D:6      | HP: 3/105 [jackal (2)]
  3933 | D:6      | Reached *** piety under Trog
  4278 | D:6      | Killed from afar by an electric eel

Levels and vault maps discovered:
D:1:      sevenhm_arrival_forest_fort_small_3, layout_loops_ring,
          serial_bayou_pond_a
D:2:      layout_basic
D:3:      layout_rooms
D:4:      layout_cave_pods, serial_bayou_crossing, uniq_menkaure
D:5:      layout_loops_ring, first_ration, serial_shops, shop,
          nicolae_gozag_cash_rules_everything_around_me, uniq_prince_ribbit1
D:6:      layout_loops_ring, minmay_temple_entry_poolview,
          ebering_ghost_disaster_area, minivault_14, uniq_duvessa

Skill      XL: |  1  2  3  4  5  6  7  8 |
---------------+-------------------------+-----
Axes           | 4 5 6 7 8 |  8.1
Fighting       | 4 5 6 |  6.2
Armour         | 3 4 5 |  5.5
Dodging        | 3 4 5 |  5.1

Action                   |  1- 3 |  4- 6 |  7- 9 || total
-------------------------+-------+-------+-------++-------
Melee: Hand axe          |    63 |    89 |    61 ||   213
       Headbutt          |    12 |    19 |     9 ||    40
Invok: Berserk           |       |       |     3 ||     3
  Use: Scroll            |     1 |     2 |     2 ||     5
       Potion            |       |       |     2 ||     2
  Eat: Chunk             |     2 |     5 |     3 ||    10
       Ration            |       |       |     1 ||     1
Armor: Scale mail        |    19 |    26 |    14 ||    59
       Skin              |       |       |    14 ||    14
       Chain mail        |       |       |     2 ||     2
Dodge: Dodged            |    33 |    37 |    23 ||    93

Table legend:
 A = Non-vault XP
 B = Vault XP
 C = Vault XP percentage of total XP
 D = Non-vault monster count
 E = Vault monster count
 F = Vault count percentage of total count
                 A         B        C        D         E       F
            +---------+---------+-------+---------+---------+-------
      Total |     938 |     652 |  41.0 |      70 |       4 |   5.4
            +---------+---------+-------+---------+---------+-------
        D:1 |      19 |       0 |   0.0 |       9 |       0 |   0.0
        D:2 |      30 |       0 |   0.0 |       8 |       0 |   0.0
        D:3 |     160 |       0 |   0.0 |      25 |       0 |   0.0
        D:4 |     252 |     169 |  40.1 |      10 |       1 |   9.1
        D:5 |     262 |     255 |  49.3 |       9 |       1 |  10.0
        D:6 |     215 |     228 |  51.5 |       9 |       2 |  18.2
            +---------+---------+-------+---------+---------+-------
